 Dungeon Crawl Stone Soup version 0.30-a0-965-g42e074c17a (webtiles) character file.

Game seed: 14560618328779677604

813 hikkokomori the Poker (level 7, -5/57 HPs)
             Began as a Merfolk Fighter on Mar 31, 2023.
             Killed by divine providence
             ... invoked by an orc priest
              (11 damage)
             ... on level 5 of the Dungeon.
             The game lasted 00:06:52 (3955 turns).

hikkokomori the Poker (Merfolk Fighter)             Turns: 3955, Time: 00:06:52

Health: -5/57      AC:  9    Str: 18    XL:     7   Next: 93%
Magic:  7/7        EV:  9    Int:  7    God:
Gold:   303        SH:  5    Dex: 14    Spells: 6/6 levels left

rFire   + . .      SeeInvis +    a - +0 trident
rCold   + . .      Faith    .    c - +0 buckler
rNeg    . . .      Spirit   .    b - +0 scale mail
rPois   .          Reflect  .    g - +0 helmet
rElec   .          Rampage  .    A - scarf {rC+ rF+}
rCorr   .                        h - +0 pair of gloves
Will    .....                    (no boots) Stlth
                                 (no amulet)
HPRegen 0.29/turn                k - ring of see invisible
MPRegen 0.10/turn                (no ring)

@: no status effects
A: (nimble swimmer 2), mertail
a: no special abilities


You were on level 5 of the Dungeon.
You visited 1 branch of the dungeon, and saw 5 of its levels.
You also visited: Ossuary.

You collected 303 gold pieces.

Inventory:

Hand Weapons
 a - a +0 trident (weapon)
Missiles
 x - 5 poisoned darts (quivered)
Armour
 b - a +0 scale mail (worn)
 c - a +0 buckler (worn)
 f - a +1 leather armour of poison resistance
 g - a +0 helmet (worn)
 h - a +0 pair of gloves (worn)
 A - a scarf of resistance (worn)
 C - the +2 robe "Retone" {Will+ Int+2}
   (You found it on level 4 of the Dungeon)

   Int:       It affects your intelligence (+2).
   Will:      It increases your willpower.
Jewellery
 k - a ring of see invisible (left hand)
 o - a ring of positive energy
 r - a ring of ice
 B - a +6 ring of dexterity
Wands
 m - a wand of polymorph (17)
Scrolls
 i - 2 scrolls of teleportation
 j - a scroll of identify
 l - a scroll of blinking
 q - 2 scrolls of enchant armour
 y - a scroll of poison {unknown}
Potions
 d - a potion of might
 e - 2 potions of haste {unknown}
 p - a potion of brilliance {unknown}
 s - a potion of attraction
 t - a potion of ambrosia
 u - 2 potions of heal wounds {unknown}
 v - a potion of lignification {unknown}
 w - 2 potions of degeneration {unknown}


   Skills:
 + Level 5.6 Fighting
 + Level 6.1 Polearms
 + Level 3.9 Armour
 + Level 1.3 Dodging
 - Level 5.0 Shields


You had 6 spell levels left.
You didn't know any spells.
Your spell library contained the following spells:

 Spells                   Type           Power      Damage    Failure   Level
 Slow                     Hex            0%         N/A       88%         1
 Summon Small Mammal      Summ           0%         N/A       88%         1
 Call Canine Familiar     Summ           0%         N/A       99%         3
 Confusing Touch          Hex            0%         N/A       99%         3
 Summon Guardian Golem    Hex/Summ       0%         N/A       99%         3
 Vampiric Draining        Necr           0%         2d6       99%         3
 Malign Gateway           Summ/Tloc      0%         N/A       100%        7
 Summon Horrible Things   Summ           0%         N/A       100%        8


Dungeon Overview and Level Annotations

Branches:
Dungeon (5/15)            Ossuary (visited)
 Temple: D:4-7

Altars:
Ru
Yredelemnul


Innate Abilities, Weirdness & Mutations

((You are very nimble when in or above water. (Stealth+, EV+, Speed+++)))
Your lower body shifts to a powerful aquatic tail in water.


Message History

You are too injured to fight recklessly!
You are too injured to fight recklessly!
You are too injured to fight recklessly!
You are too injured to fight recklessly!
You are too injured to fight recklessly!
You are too injured to fight recklessly!
You are too injured to fight recklessly!
You are too injured to fight recklessly!
You are too injured to fight recklessly!
You are too injured to fight recklessly!
You are too injured to fight recklessly!
You are too injured to fight recklessly!
Unknown command.
You closely miss the orc. The orc hits you but does no damage.
You are poisoned.
The orc warrior hits you from afar with a +0 trident of protection!
* * * LOW HITPOINT WARNING * * *
The orc priest hits you but does no damage.
You hit the orc.
The orc is moderately wounded.
You feel sick. The orc hits you but does no damage.
The orc priest barely misses you. The orc warrior barely misses you.
You puncture the orc!
You kill the orc!
You feel sick. The orc priest misses you.
The orc warrior hits you from afar with a +0 trident of protection.
* * * LOW HITPOINT WARNING * * *
Unknown command.
You feel better. You block the orc priest's attack.
The orc warrior barely misses you.
The orc priest looks braver for a moment.
As you read the scroll labelled UNEGUN ZODU, it crumbles to dust.
You feel aware of your surroundings.
It was a scroll of magic mapping.
The orc warrior hits you from afar with a +0 trident of protection!
* * * LOW HITPOINT WARNING * * *
Unknown command.
The orc priest casts a cantrip, but nothing happens.
The orc priest calls down the wrath of Beogh upon you.
Beogh smites you!
You die...

****,************#.#. #.#
#.#. #.# #.#. #.######## #.#.
#.##.....######.#.
############.##.....'........
#......†...#.##.....######.##
#####.####.#.#......# #.#*
####.# #.#@#.....[######.#<
#....# #.#.#......#.......#
##.### #.#.#......#.#######
#†# #.#o#......#.###
#.######.#.#......#...###
#.....##.#.#.#<.........#
#####.##.#o#.#..#.###.#.###
#.##.#o#.#..#.# #.#<...
#.##.#.#.#.##.###.#.###


You could see an orc warrior and 2 orc priests.

Vanquished Creatures
  A phantom (D:4)
  An elf zombie (Ossuary)
  A scorpion (D:5)
  4 centaur zombies (Ossuary)
  4 human zombies (Ossuary)
  A hound (D:3)
  2 orc priests (D:4)
  A hound zombie (Ossuary)
  4 mummies
  5 adders
  4 gnolls
  2 ufetubi (D:4)
  3 adder zombies (Ossuary)
  A worm (D:2)
  4 dart slugs
  8 orcs
  7 ball pythons
  An endoplasm (D:1)
  3 giant cockroaches
  9 hobgoblins
  4 quokkas
  2 bats
  3 frilled lizards
  5 goblins
  2 goblin zombies (Ossuary)
  7 hobgoblin zombies (Ossuary)
  2 jackal zombies (Ossuary)
  8 kobolds
  3 kobold zombies (Ossuary)
  5 rats
  7 rat zombies (Ossuary)
114 creatures vanquished.

Vanquished Creatures (others)
  2 plants (D:5)
2 creatures vanquished.

Grand Total: 116 creatures vanquished

Notes
Turn   | Place    | Note
-------+----------+-------------------------------------------
     0 | D:1      | hikkokomori the Merfolk Fighter began the quest for the
                  | Orb.
     0 | D:1      | Reached XP level 1. HP: 18/18 MP: 1/1
    95 | D:1      | Reached skill level 3 in Polearms
    95 | D:1      | Reached XP level 2. HP: 23/24 MP: 2/2
   524 | D:2      | Reached XP level 3. HP: 25/29 MP: 3/3
  1172 | D:3      | Reached XP level 4. HP: 37/37 MP: 4/4
  1649 | D:3      | Found a sacrificial altar of Ru.
  1832 | D:4      | Reached skill level 4 in Polearms
  1996 | D:4      | Reached XP level 5. HP: 42/42 MP: 5/5
  2083 | D:4      | Found a sand-covered staircase.
  2190 | Ossuary  | Entered an ossuary
  2267 | Ossuary  | Reached XP level 6. HP: 37/49 MP: 6/6
  2404 | Ossuary  | Reached skill level 5 in Polearms
  2549 | Ossuary  | Reached skill level 5 in Fighting
  2563 | Ossuary  | Reached XP level 7. HP: 56/56 MP: 7/7
  2858 | D:4      | Identified the +2 robe "Retone" {Will+ Int+2}
  2883 | D:4      | Reached skill level 5 in Shields
  3061 | D:4      | Found a basalt altar of Yredelemnul.
  3390 | D:5      | Entered Level 5 of the Dungeon
  3425 | D:5      | HP: 2/56 [gnoll/+0 flail (5)]
  3692 | D:4      | Reached skill level 6 in Polearms
  3867 | D:5      | Reached skill level 1 in Dodging
  3955 | D:5      | Killed from afar by an orc priest

Illustrated notes

Levels and vault maps discovered:
D:1:      minmay_arrival_four_loops, layout_rooms, roderic_roman_lattice
D:2:      layout_loops_ring
D:3:      layout_loops_ring, mainiacjoe_overflow_alcove_1
D:4:      layout_cave_pools, mainiacjoe_overflow_brackets,
          gup_ossuary_entry_pyramid
D:5:      layout_basic, gammafunk_ghost_smash, guppyfry_early_lair_pool,
          uniq_grinder, uniq_pikel, uniq_crazy_yiuf_cottage, uniq_blork_the_orc

Skill      XL: |  1  2  3  4  5  6  7 |
---------------+----------------------+-----
Polearms       | 3 4 5 6 |  6.1
Fighting       | 4 5 |  5.6
Armour         | 3 |  3.9
Shields        | 4 5 |  5.0
Dodging        | 1 |  1.3

Action                     |  1- 3 |  4- 6 |  7- 9 || total
---------------------------+-------+-------+-------++-------
  Melee: Trident           |   118 |   265 |   174 ||   557
    Use: Scroll            |       |     7 |     3 ||    10
         Potion            |       |     1 |     1 ||     2
 Armour: Scale mail        |    36 |   178 |    69 ||   283
  Dodge: Dodged            |    45 |   155 |    58 ||   258
  Block: Buckler           |    15 |    78 |    41 ||   134

Table legend: (Time is in decaauts)
 A = Elapsed time spent in this place.
 B = Non-inter-level travel time spent in this place.
 C = Inter-level travel time spent in this place.
 D = Time resting spent in this place.
 E = Time spent auto-exploring this place.
 F = Levels seen in this place.
 G = Mean time per level.
                   A        B        C        D        E       F      G
               +--------+--------+--------+--------+--------+-----+--------+
         Total |   4019 |   3940 |     79 |    406 |   2428 |   6 |  669.8 |
       Dungeon |   3350 |   3271 |     79 |    406 |   2086 |   5 |  670.0 |
       Ossuary |    669 |    669 |      0 |      0 |    342 |   1 |  669.0 |
               +--------+--------+--------+--------+--------+-----+--------+

Top non-repeatable levels by time:
     D:4: 859 daAuts
     D:3: 804 daAuts
 Ossuary: 669 daAuts
     D:2: 656 daAuts
     D:1: 515 daAuts
     D:5: 514 daAuts
